 Dungeon Crawl Stone Soup version 0.31-a0-1589-g8f5e8aebd6 (webtiles) character file.

Game seed: 12635565037737314100

2462 shadizar the Fighter (level 9, -2/59 HPs)
             Began as a Gargoyle Fighter on Jan 5, 2024.
             Was a Believer of Okawaru.
             Slain by a skeletal warrior
             ... wielding a +0 short sword
              (11 damage)
             ... on level 7 of the Dungeon.
             The game lasted 00:10:38 (4979 turns).

shadizar the Fighter (Gargoyle Fighter)             Turns: 4979, Time: 00:10:39

Health: -2/59      AC: 24    Str: 33    XL:     9   Next: 50%
Magic:  9/9        EV:  9    Int: 14    God:    Okawaru [**....]
Gold:   282        SH: 10    Dex: 12    Spells: 8/8 levels left

rFire   + + .        k - +4 spear "Zetiet" {heavy, Fly rF+ Int+2}
rCold   + . .        g - +0 kite shield "Ofeqeo" {Str+3 Int+3 Dex+3 Stlth+}
rNeg    + . .        f - +0 chain mail
rPois   ∞            I - +2 helmet
rElec   +            x - scarf {rC+ rF+}
rCorr   .            (no gloves)
SInv    .            (no boots)
Will    .....        D - amulet of the acrobat Stlth
                     m - +4 ring of protection
HPRegen 0.29/turn    p - +6 ring of strength
MPRegen 0.11/turn

%: acrobat
@: flying
A: sickness immunity, AC +6, negative energy resistance 1, electricity
resistance, torment resistance 1, petrification resistance
a: Renounce Religion, Heroism


You were on level 7 of the Dungeon.
You worshipped Okawaru.
Okawaru was pleased with you.
You visited 2 branches of the dungeon, and saw 9 of its levels.

You collected 282 gold pieces.

Inventory:

Hand Weapons
 k - the +4 spear "Zetiet" (weapon) {heavy, Fly rF+ Int+2}
   (You found it on level 3 of the Dungeon)

   Int+2:     It affects your intelligence (+2).
   rF+:       It protects you from fire.
   Fly:       It grants you flight.
 s - a +3 heavy whip
 E - the +4 falchion "Onudes" {flame, rF- rN++ Int+6}
   (You found it on level 5 of the Dungeon)

   Int+6:     It affects your intelligence (+6).
   rF-:       It makes you vulnerable to fire.
   rN++:      It greatly protects you from negative energy.
Armour
 f - a +0 chain mail (worn)
 g - the +0 kite shield "Ofeqeo" (worn) {Str+3 Int+3 Dex+3 Stlth+}
   (You found it on level 6 of the Dungeon)

   Str+3:     It affects your strength (+3).
   Int+3:     It affects your intelligence (+3).
   Dex+3:     It affects your dexterity (+3).
   Stlth+:    It makes you more stealthy.
 x - a scarf of resistance (worn)
 I - a +2 helmet (worn)
Jewellery
 m - a +4 ring of protection (left hand)
 p - a +6 ring of strength (right hand)
 z - a ring of flight
 B - a +4 ring of slaying
 D - an amulet of the acrobat (around neck)
Wands
 b - a wand of digging (6)
 d - a wand of iceblast (8)
 e - a wand of flame (14)
 w - a wand of quicksilver (5)
Scrolls
 c - a scroll of identify
Potions
 a - 4 potions of brilliance
 l - 3 potions of magic
 v - a potion of curing
 A - a potion of cancellation


   Skills:
 + Level 8.2 Fighting
 - Level 2.4 Maces & Flails
 + Level 4.7 Polearms
 + Level 6.9 Armour
 + Level 3.0 Dodging
 + Level 6.9 Shields


You had 8 spell levels left.
You didn't know any spells.
Your spell library was empty.

Dungeon Overview and Level Annotations

Branches:
Dungeon (8/15)             Temple (1/1) D:4
   Lair: D:8-11

Altars:
Ashenzari
Cheibriados
Dithmenos
Fedhas
Gozag
Hepliaklqana
Kikubaaqudgha
Nemelex Xobeh
Okawaru
Qazlal
Ru
Sif Muna
Trog
Uskayaw
Wu Jian
Xom
Yredelemnul
Zin
The Shining One

Shops:
D:1 [   D:5 ?

Annotations:
D:3 1 runed translucent door, Tenar's ghost, amateur DsCA
D:7 Jeremiah


Innate Abilities, Weirdness & Mutations

You are immune to sickness and miasma.
Your stone body is resilient. (AC +6)
You are immune to poison.
You resist negative energy. (rN+)
You are resistant to electric shocks. (rElec)
You are resistant to unholy torment.
You are immune to petrification.


Message History

An orc priest comes into view. It is wielding a +0 club.
The orc priest shouts!
The butterfly disappears in a burst of colours!
An orc comes into view. It is wielding a +0 whip.
Jeremiah's eyes close briefly, then snap open.
The butterfly disappears in a burst of colours! x3
The skeletal warrior misses you.
The butterfly disappears in a burst of colours!
The butterfly disappears in a burst of colours! x2
The orc priest miscasts a cantrip.
The orc priest calls down the wrath of Beogh upon you.
Beogh smites you!
Unknown command.
You feel much better.
Unknown command.
The butterfly disappears in a burst of colours!
You block the skeletal warrior's attack.
The orc completely misses you.
The orc priest calls down the wrath of Beogh upon you.
Beogh smites you!
You puncture the orc!
You kill the orc!
Okawaru accepts your kill.
You block the skeletal warrior's attack. x2
Something hits you but does no damage.
You block the skeletal warrior's attack.
The skeletal warrior hits you but does no damage.
You hit something.
The orc priest begins to cast a cantrip, but forgets the words!
Something hits you.
You block the skeletal warrior's attack.
The skeletal warrior hits you but does no damage.
You closely miss something.
The orc priest miscasts a cantrip.
The skeletal warrior hits you from afar with a +0 trident!
* * * LOW HITPOINT WARNING * * *
Something hits you but does no damage.
The skeletal warrior splashes around in the water.
The skeletal warrior hits you with a +0 short sword!
You die... ######### #bb~~zbb#

#zb.zF.~# #bz#8#b~#
#~.###bb# #~.#8#zz#
#b.oz)@b# #####
#~~~ozb~# .....
####'####
##############.######
.........zzb........#
......####..######...#
......# #..# .#
......# #b.# ......#
#..#


You could see 5 skeletal warriors, Jeremiah and 2 orc priests.

Vanquished Creatures
  A two-headed ogre (D:6)
  Pikel (D:4)
  Sigmund (D:2)
  2 ice beasts
  A black bear (D:6)
  A centaur (D:5)
  A phantom (D:5)
  3 lemures (D:4)
  Blork the orc (D:6)
  2 bullfrogs (D:6)
  3 scorpions
  A howler monkey (D:6)
  A bombardier beetle (D:5)
  A hound (D:5)
  A jelly (D:5)
  2 iguanas (D:5)
  An orc wizard (D:4)
  8 gnolls
  12 adders
  2 ribbon worms
  2 dart slugs (D:1)
  8 orcs
  5 bats
  5 endoplasms
  2 giant cockroaches
  7 goblins
  5 hobgoblins
  5 jackals
  3 kobolds
  5 quokkas
  4 ball pythons
  3 frilled lizards
  4 rats
104 creatures vanquished.

Notes
Turn   | Place    | Note
-------+----------+-------------------------------------------
     0 | D:1      | shadizar the Gargoyle Fighter began the quest for the Orb.
     0 | D:1      | Reached XP level 1. HP: 14/14 MP: 1/1
   104 | D:1      | Found Vithraoh's Armour Boutique.
   171 | D:1      | Reached XP level 2. HP: 19/19 MP: 2/2
   466 | D:2      | Reached XP level 3. HP: 24/24 MP: 3/3
   505 | D:2      | Noticed Sigmund
   531 | D:3      | Found a runed translucent door.
   531 | D:3      | Noticed Tenar's ghost (amateur DsCA)
   559 | D:3      | Reached skill level 4 in Fighting
   679 | D:3      | Identified the +4 spear "Zetiet" {heavy, Fly rF+ Int+2}
   706 | D:3      | Noticed a +0 dagger
   706 | D:3      | Noticed a +0 short sword
   706 | D:3      | Noticed a +0 falchion
   706 | D:3      | Noticed a +0 spear
   706 | D:3      | Noticed a +0 falchion
   709 | D:3      | Noticed a +0 short sword
   709 | D:3      | Noticed a +0 dagger
   709 | D:3      | Noticed a +0 spear
   711 | D:3      | Found a hide-covered altar of Uskayaw.
   781 | D:3      | Reached XP level 4. HP: 20/29 MP: 4/4
   887 | D:2      | Found a shimmering altar of Xom.
  1252 | D:3      | Reached skill level 1 in Polearms
  1252 | D:3      | Reached XP level 5. HP: 34/34 MP: 5/5
  1522 | D:2      | Killed Sigmund
  1523 | D:2      | Reached skill level 5 in Fighting
  1523 | D:2      | Reached XP level 6. HP: 33/40 MP: 6/6
  1523 | D:2      | Found a faded altar of an unknown god.
  2249 | D:4      | Found a basalt altar of Yredelemnul.
  2269 | D:4      | Found a glowing golden altar of the Shining One.
  2384 | D:4      | Noticed Pikel
  2399 | D:4      | Killed Pikel
  2400 | D:4      | Reached skill level 6 in Fighting
  2400 | D:4      | Reached skill level 5 in Armour
  2400 | D:4      | Reached skill level 5 in Shields
  2400 | D:4      | Reached XP level 7. HP: 12/47 MP: 7/7
  2537 | D:4      | Found a snail-covered altar of Cheibriados.
  2540 | D:4      | Found a shadowy altar of Dithmenos.
  2544 | D:4      | Found a broken altar of Ashenzari.
  2545 | D:4      | Found a stormy altar of Qazlal.
  2545 | D:4      | Found a hazy altar of Hepliaklqana.
  2545 | D:4      | Found a bloodstained altar of Trog.
  2546 | D:4      | Found an iron altar of Okawaru.
  2547 | D:4      | Found a blossoming altar of Fedhas.
  2549 | D:4      | Found a sacrificial altar of Ru.
  2555 | D:4      | Became a worshipper of Warmaster Okawaru
  2559 | D:4      | Found an opulent altar of Gozag.
  2678 | D:4      | Reached skill level 7 in Fighting
  2678 | D:4      | Reached XP level 8. HP: 53/53 MP: 8/8
  2737 | D:4      | Found a staircase to the Ecumenical Temple.
  2744 | Temple   | Entered the Ecumenical Temple
  3036 | D:4      | Noticed an angel
  3059 | D:5      | Entered Level 5 of the Dungeon
  3097 | D:5      | Identified the +4 falchion "Onudes" {flame, rF- rN++ Int+6}
  3332 | D:5      | Reached skill level 1 in Dodging
  3518 | D:5      | Found Hyarr's Magic Scroll Shoppe.
  3636 | D:5      | Reached * piety under Okawaru
  4069 | D:6      | Reached XP level 9. HP: 55/58 MP: 9/9
  4112 | D:6      | Identified the +0 kite shield "Ofeqeo" {Str+3 Int+3 Dex+3
                  | Stlth+}
  4136 | D:6      | Noticed a two-headed ogre
  4147 | D:6      | Killed a two-headed ogre
  4147 | D:6      | Reached ** piety under Okawaru
  4148 | D:6      | Reached skill level 8 in Fighting
  4492 | D:6      | Noticed Blork the orc
  4509 | D:6      | Killed Blork the orc
  4705 | D:7      | Noticed a skeletal warrior
  4705 | D:7      | Noticed a skeletal warrior
  4705 | D:7      | Noticed a skeletal warrior
  4706 | D:7      | Noticed a skeletal warrior
  4706 | D:7      | Noticed a skeletal warrior
  4927 | D:7      | Noticed Jeremiah
  4979 | D:7      | Slain by a skeletal warrior

Illustrated notes

Levels and vault maps discovered:
D:1:      evilmike_arrival_plus, layout_rooms, serial_shops,
          nicolae_shop_tiny_glass
D:2:      layout_basic, basic_altar, hellmonk_ecumenical_altar_leap_of_faith,
          uniq_sigmund
D:3:      layout_loops_ring, nicolae_uskayaw_en_pointe,
          hellmonk_ghost_happy_afterlife, kennysheep_generic_room_14
D:4:      minmay_door_path, layout_basic, grunt_temple_overflow_holy_war,
          minitemple, minmay_temple_entry_wispy, uniq_pikel
D:5:      minmay_spotlight, layout_loops_corners, serial_bayou,
          serial_bayou_lagoon_a, serial_bayou_pond_c, serial_bayou_pond_a,
          serial_bayou_shore_b, kennysheep_cross_room, nrook_campfire,
          kennysheep_windowed_goal
D:6:      layout_loops_ring, uniq_blork_the_orc
D:7:      layout_basic, grunt_temple_overflow_lords_of_destruction,
          kennysheep_generic_room_11, uniq_jeremiah
D:8:      layout_rooms, serial_shops, nicolae_shop_hallway_stairs,
          serial_demonic, serial_demonic_a, serial_demonic_d, serial_demonic_b,
          serial_demonic_c, serial_demonic_b, serial_demonic_b,
          serial_demonic_c, serial_demonic_g, serial_demonic_b,
          serial_demonic_e, uniq_gastronok, uniq_maurice, uniq_joseph
Temple:   nicolae_temple_stand_before_the_council

Skill      XL: |  1  2  3  4  5  6  7  8  9 |
---------------+----------------------------+-----
Fighting       | 4 5 6 7 8 |  8.2
Shields        | 4 5 6 |  6.9
Polearms       | 1 2 3 4 |  4.7
Armour         | 4 5 6 |  6.9
Dodging        | 2 3 |  3.0
Maces & Flails | |  2.4

Action                     |  1- 3 |  4- 6 |  7- 9 || total
---------------------------+-------+-------+-------++-------
  Melee: Flail             |    66 |       |       ||    66
         Spear             |    12 |   137 |   154 ||   303
    Use: Potion            |       |     1 |     4 ||     5
         Scroll            |       |       |    17 ||    17
 Armour: Scale mail        |    14 |       |       ||    14
         Chain mail        |    43 |   125 |   128 ||   296
  Dodge: Dodged            |    36 |    43 |    72 ||   151
  Block: Buckler           |    11 |    23 |    23 ||    57
         Kite shield       |       |       |    35 ||    35

Table legend: (Time is in decaauts)
 A = Elapsed time spent in this place.
 B = Non-inter-level travel time spent in this place.
 C = Inter-level travel time spent in this place.
 D = Time resting spent in this place.
 E = Time spent auto-exploring this place.
 F = Levels seen in this place.
 G = Mean time per level.
                   A        B        C        D        E       F      G
               +--------+--------+--------+--------+--------+-----+--------+
         Total |   5149 |   5024 |    125 |      0 |   3639 |   9 |  572.1 |
       Dungeon |   5148 |   5023 |    125 |      0 |   3639 |   8 |  643.5 |
        Temple |      1 |      1 |      0 |      0 |      0 |   1 |    1.0 |
               +--------+--------+--------+--------+--------+-----+--------+

Top non-repeatable levels by time:
     D:5: 957 daAuts
     D:2: 948 daAuts
     D:4: 948 daAuts
     D:6: 865 daAuts
     D:3: 801 daAuts
     D:1: 475 daAuts
     D:7: 149 daAuts
  Temple: 1 daAuts
     D:8: 1 daAuts
